 Dungeon Crawl Stone Soup version 0.16.1-51-g6203257 (webtiles) character file.

164 kae the Cudgeler (level 5, -8/45 HPs)
             Began as a Minotaur Fighter on July 3, 2015.
             Killed by divine providence
             ... invoked by an orc priest
              (15 damage)
             ... on level 3 of the Dungeon.
             The game lasted 00:01:35 (1583 turns).

kae the Cudgeler (Minotaur Fighter)                 Turns: 1583, Time: 00:01:35

Health: -8/45      AC:  6    Str: 26    XL:     5   Next: 21%
Magic:  2/2        EV:  7    Int:  6    God:
Gold:   196        SH:  9    Dex:  9    Spells: 0 memorised, 4 levels left

rFire  . . .     SeeInvis .     a - +0 flail
rCold  . . .     Clarity  .     b - +0 scale mail
rNeg   . . .     SustAb   .     c - +0 shield
rPois  .         Gourm    .     (helmet restricted)
rElec  .         Spirit   .     (no cloak)
rCorr  .         Warding  .     (no gloves)
rMut   .         Stasis   .     (no boots)
MR     .....                    (no amulet)
Stlth  ..........               (no ring)
                                (no ring)

@: mighty, not resistant to hostile enchantments, extremely unstealthy
A: retaliatory headbutt, horns 2
a: no special abilities


You were on level 3 of the Dungeon.
You were not hungry.

You visited 1 branch of the dungeon, and saw 3 of its levels.

You collected 196 gold pieces.

Inventory:

Hand weapons
 a - a +0 flail (weapon)
Armour
 b - a +0 scale mail (worn)
 c - a +0 shield (worn)
Jewellery
 p - an uncursed ring of protection from fire {unknown}
Scrolls
 f - 3 scrolls of remove curse {unknown}
 i - a scroll of magic mapping {unknown}
 j - 5 scrolls of identify {unknown}
 l - a scroll of noise {unknown}
 m - a scroll of recharging {unknown}
 q - a scroll of teleportation {unknown}
Potions
 e - a potion of might
 g - 5 potions of curing {unknown}
 o - a potion of degeneration {unknown}
 r - a potion of heal wounds {unknown}
Comestibles
 d - 2 bread rations
 h - a royal jelly
 k - a beef jerky
 n - 3 meat rations
 s - 3 fruits


   Skills:
 - Level 3.6 Fighting
 + Level 6.6 Maces & Flails
 - Level 3.6 Armour
 - Level 3.6 Shields


You had 4 spell levels left.
You didn't know any spells.

Dungeon Overview and Level Annotations

Branches:
Dungeon (3/15)

Altars:
Gozag
Yredelemnul
The Shining One


Innate Abilities, Weirdness & Mutations

You reflexively headbutt those who attack you in melee.
You have a pair of horns on your head.


Message History

You are too injured to fight recklessly!
You are too injured to fight recklessly!
You are too injured to fight recklessly!
You are too injured to fight recklessly!
You are too injured to fight recklessly!
You are too injured to fight recklessly!
You are too injured to fight recklessly!
You are too injured to fight recklessly!
Drink which item? (? for menu, Esc to quit)
You feel very mighty all of a sudden. The orc barely misses you.
The orc priest hits you from afar with a trident of flaming.
* * * LOW HITPOINT WARNING * * *
The orc priest burns you.
* * * LOW HITPOINT WARNING * * *
You sock the orc!
You kill the orc!
The orc priest calls down the wrath of Beogh upon you.
Something smites you!
You die...

#### ...# ##.#
##.####### #
...........
##: ##.#######
#.###.# # #.#
#.oo).# .#
##.## ### #@##
#.#
#...#####.##
##.## #.#
#..........#
##.###.#
#...#####.##
##...# #####
#.# ######.##
#.# #......#
#.#####.######
#.......#
######).#


You could see 2 orc priests.

Vanquished Creatures
  A hound (D:3)
  An orc wizard (D:3)
  4 adders
  2 worms (D:2)
  3 orcs (D:3)
  11 bats
  4 goblins
  5 hobgoblins
  9 jackals
  5 kobolds
  A quokka (D:2)
  6 giant cockroaches
  3 giant newts
  5 rats
60 creatures vanquished.

Notes
Turn   | Place    | Note
--------------------------------------------------------------
     0 | D:1      | kae, the Minotaur Fighter, began the quest for the Orb.
     0 | D:1      | Reached XP level 1. HP: 19/19 MP: 1/1
    98 | D:1      | Reached XP level 2. HP: 20/26 MP: 1/1
   298 | D:1      | Reached skill level 4 in Maces & Flails
   588 | D:2      | Found a glowing golden altar of the Shining One.
   592 | D:2      | Reached XP level 3. HP: 22/31 MP: 2/2
   735 | D:2      | Reached skill level 5 in Maces & Flails
   874 | D:2      | Reached XP level 4. HP: 20/39 MP: 2/2
   878 | D:2      | Found an opulent altar of Gozag.
  1082 | D:3      | Found a basalt altar of Yredelemnul.
  1363 | D:3      | Reached skill level 6 in Maces & Flails
  1574 | D:3      | Reached XP level 5. HP: 45/45 MP: 2/2
  1583 | D:3      | Killed from afar by an orc priest

Action                   |  1- 3 |  4- 6 || total
-------------------------+-------+-------++-------
Melee: Flail             |   121 |    45 ||   166
  Use: Potion            |       |     1 ||     1
  Eat: Chunk             |       |     2 ||     2
